Map: Void Thrashing

Players

NamroodTuo

  • Race: Terran Terran
  • Spawn Location: 9:00

KingLev

  • Race: Zerg Zerg
  • Spawn Location: 6:00

VOD

Have the link to the VOD?

Description

Time

  • Played on: Feb. 10, 2023, 3:52 a.m.
  • Length: 21:55
Show
View Real Time Build Order
Export as new Build Order

NamroodTuo Terran 

Build Orders:  

Get SALT Encoding   

  12  0:04  SCV  
  13  0:17  SCV  
  14  0:31  SCV  
  14  0:32  Supply Depot  
  15  0:44  SCV  
  16  0:58  SCV  
  17  1:10  Factory  
  17  1:11  SCV  
  18  1:25  SCV  
  19  1:36  Supply Depot  
  19  1:38  SCV  
  20  1:44  Perdition Turret  
  20  1:52  SCV  
  21  2:06  SCV  
  22  2:16  Perdition Turret  
  22  2:19  SCV  
  23  2:33  SCV  
  24  2:44  Perdition Turret  
  24  2:46  SCV  
  25  2:54  Perdition Turret  
  25  2:57  Refinery  
  25  3:00  SCV  
  25  3:01  Refinery  
  25  3:09  Perdition Turret  
  26  3:13  SCV, Perdition Turret  
  27  3:20  Perdition Turret  
  27  3:27  SCV  
  28  3:41  SCV  
  29  3:54  SCV  
  29  3:58  Supply Depot  
  30  4:08  SCV, Perdition Turret  
  31  4:30  SCV  
  32  4:44  SCV  
  33  4:57  SCV  
  34  5:11  Armory  
  34  6:22  Command Center  
  34  6:27  SCV  
  35  6:36  Upgrade Laser Drill Level 1  
  35  6:39  Advanced Optics  
  35  6:40  SCV  
  35  6:46  Engineering Bay  
  35  6:49  Factory Tech Reactor  
  36  6:54  SCV  
  37  7:07  SCV  
  38  7:19  Starport  
  38  7:21  SCV  
  38  7:23  Starport  
  39  7:34  Refinery x2  
  39  7:36  SCV  
  40  7:50  SCV  
  41  8:03  SCV  
  42  8:11  Factory  
  42  8:13  Factory  
  42  8:15  Starport Tech Reactor x2  
  42  8:17  SCV  
  43  8:30  SCV  
  43  8:39  Regenerative Bio-Steel  
  44  8:44  SCV  
  45  8:52  Spinning Dizzy  
  45  8:57  SCV  
  46  9:02  Factory Tech Reactor  
  46  9:05  Factory Tech Reactor  
  46  9:09  Maelstrom Rounds  
  46  9:11  SCV  
  46  9:12  Perdition Turret  
  46  9:17  Spinning Dizzy  
  47  9:25  SCV  
  48  9:32  Spinning Dizzy x2  
  48  9:33  Spinning Dizzy  
  48  9:39  330mm Barrage Cannon  
  48  9:43  Thor  
  54  9:54  Supply Depot  
  54  10:08  SCV, Science Vessel  
  54  10:09  Terran Vehicle And Ship Armor Level 1  
  57  10:16  Supply Depot  
  57  10:19  Supply Depot  
  57  10:21  Supply Depot  
  57  10:27  Science Vessel  
  59  10:30  Perdition Turret x2  
  59  10:44  Science Vessel  
  59  10:47  Thor  
  67  10:55  Supply Depot  
  67  10:59  Supply Depot  
  67  11:00  Supply Depot  
  67  11:13  Thor  
  73  11:32  Upgrade Laser Drill Level 2  
  73  11:36  Fire-Suppression Systems  
  73  12:09  Thor  
  79  12:49  Terran Vehicle and Ship Weapons Level 1  
  79  13:30  Thor x2  
  79  13:31  Thor x2  
  103  13:54  Improved Nano-Repair  
  103  13:57  Defensive Matrix  
  103  14:21  Hi-Sec Auto Tracking  
  103  14:51  Thor  
  103  15:29  Terran Vehicle And Ship Armor Level 2  
  103  16:42  Thor  
  109  18:02  Supply Depot  
  109  18:17  Science Vessel x4  
  109  18:19  Supply Depot  
  117  18:29  Structure Armor  
  117  18:33  Thor  
  117  18:37  Supply Depot  
  117  18:39  Terran Vehicle and Ship Weapons Level 2  
  123  18:40  Supply Depot  
  123  18:56  Thor  
  129  19:01  Thor x2  
  129  19:04  Supply Depot  
  141  19:13  Science Vessel x4  
  149  19:23  Supply Depot  
  149  19:29  KMC Auto-Loaders  
  149  19:33  Thor  
  149  19:37  Supply Depot  
  155  19:46  Thor  
  161  19:50  Supply Depot  
  161  19:59  Thor x2  
  173  20:42  Perdition Turret  
  173  20:43  Perdition Turret  
  173  20:44  Science Vessel  
  173  20:46  Perdition Turret  
  174  20:51  Thor  
  174  20:54  Thor  
  174  21:02  Thor  
  174  21:03  Thor  
  174  21:07  Perdition Turret  
  174  21:10  Perdition Turret  
  174  21:15  Perdition Turret  
  174  21:16  Perdition Turret  
Show
View Real Time Build Order
Export as new Build Order

KingLev Zerg 

Build Orders:  

Get SALT Encoding   

  12  0:04  Drone  
  13  0:25  Evolution Chamber  
  12  0:40  Extractor  
  12  0:45  Extractor, Overlord  
  12  0:47  Drone  
  11  1:32  Spawning Pool  
  10  1:46  Overlord x2  
  10  2:19  Drone  
  11  2:20  Drone x2  
  13  2:41  Zergling x6  
  16  3:09  Drone  
  17  3:11  Drone x2, Zergling x6  
  17  3:13  Zergling  
  17  3:15  Zergling  
  17  3:17  Zergling  
  17  3:19  Zergling  
  19  3:21  Zergling  
  19  3:23  Zergling x2  
  19  3:25  Zergling  
  19  3:27  Zergling  
  19  3:29  Zergling  
  19  3:31  Zergling  
  19  3:33  Zergling  
  19  3:59  Lair  
  19  4:50  Drone  
  19  4:51  Drone x2  
  19  4:52  Drone  
  19  4:53  Drone x2  
  25  5:01  Hatchery  
  24  6:39  Spire  
  23  6:48  Hydralisk Den  
  22  6:55  Zergling x4  
  22  6:56  Zergling x2  
  25  7:08  Drone  
  25  7:09  Drone x2, Zergling x4  
  28  7:10  Drone x2, Zergling x2  
  28  7:11  Zergling  
  30  7:21  Zergling x6  
  30  7:23  Zergling x5  
  30  7:24  Zergling  
  30  7:25  Zergling x2  
  30  7:29  Zergling x5  
  30  7:31  Zergling x3  
  30  7:34  Zergling x2  
  30  7:35  Zergling x2  
  30  7:36  Zergling x3  
  30  7:47  Zergling x5  
  30  7:49  Zergling  
  30  7:50  Zergling x3  
  30  7:59  Zergling x2  
  29  8:00  Zergling x3  
  29  8:03  Zergling  
  29  8:04  Zergling x2  
  29  8:47  Drone x2  
  29  8:48  Drone x2  
  29  8:49  Drone, Nydus Network  
  33  10:06  Hydralisk x3  
  33  10:07  Hydralisk x2  
  43  10:18  Omega Worm  
  43  11:15  Overlord x2  
  43  11:16  Overlord  
  43  11:17  Overlord  
  43  11:22  Zergling x2  
  43  11:23  Zergling x7  
  43  11:24  Zergling x2  
  43  11:25  Zergling x2  
  43  11:26  Zergling  
  43  11:27  Zergling x4  
  43  11:28  Zergling x2  
  43  11:29  Zergling x7  
  43  11:42  Zergling x2  
  43  11:43  Zergling  
  43  11:44  Zergling x5  
  43  11:45  Zergling  
  43  11:47  Zergling  
  43  11:49  Zergling x6  
  43  11:51  Zergling  
  43  11:53  Zergling x5  
  43  11:59  Zergling x5  
  43  12:02  Zergling x2  
  43  12:05  Zergling  
  43  12:07  Zergling  
  32  13:36  Drone x2  
  32  13:37  Drone x3  
  32  13:38  Drone  
  50  13:53  Hydralisk x3  
  50  13:54  Hydralisk x2  
  50  13:55  Hydralisk  
  50  14:05  Omega Worm  
Tags
 
Commander
KerriganSwann
Matchup
Co-op
Replay Pack
Multiplayer
Add a new tag
Caveats
  • Supply blocks, unpowered buildings, or Contaminate may cause inaccurate times.
  • Supply counts are checked every 10 seconds.